[Event "*** Titled Tuesday Blitz"]
[Site "Chess.com"]
[Date "2020.05.05"]
[Round "8"]
[White "levallem"]
[Black "Kopytkin"]
[Result "0-1"]
[WhiteElo "2113"]
[BlackElo "2323"]
[TimeControl "180+1"]
[EndTime "11:38:03 PDT"]
[Termination "Kopytkin won on time"]

1. d4 d5 2. c4 c6 3. cxd5 cxd5 4. Nc3 Nf6 5. Nf3 Nc6 6. Bg5 Bf5 7. Bxf6 gxf6 8.
Qb3 e6 9. Qxb7 Qc8 10. Qxc8+ Rxc8 11. e3 Nb4 12. Bb5+ Kd8 13. Kd2 Rg8 14. Nh4 a6 15. Nxf5 axb5 16. Ng3 f5 17. Rhc1 f4 18. exf4 Bh6 19.
Nce2 Kd7 20. a3 Nc6 21. Rc5 Na5 22. Rxc8 Rxc8 23. Rd1 Nc4+ 24. Kc3 Ne3+ 25. Kd2 Nxd1 26. Kxd1 b4 27. axb4 Rb8 28. Kc2 Rxb4 29. Nf1 Rc4+ 30. Kd3 Rb4 31. Kc3 Rc4+ 32. Kd3 Rb4 33. Kc2 Bg7 34. Kc3 Rc4+ 35. Kd3 Rb4 36. Kc3 Rc4+ 37. Kd3 Rc8 38. Ne3 Rb8 39. Kc3 Kd6 40. b4 Rc8+ 41. Kd3 Rb8 42. Nc2 Kc6 43. Nc3 Kb6 44. Na4+ Kb5 45.
Nc3+ Ka6 46. Na4 Kb5 47. Nc5 Ra8 48. g4 Ra2 49. Nb3 Bf8 50. Kc3 Ra8 51. Nc5 Rc8 52. h4 f6 53. Kd3 Bxc5 54. bxc5 Ra8 55. Ne3 Ra3+ 56. Ke2 Ra4 57. Kd3 Ra3+ 58. Ke2 Ra4 59. Nc2 Kc4 60. g5 Ra2 61. Kd2 Kb3 62. gxf6 Rxc2+ 63. Ke3 Ra2 64. f7 Ra8 65. f5 exf5 66. Kf4 Rf8 67.
Kxf5 Rxf7+ 68. Ke6 Rxf2 69. c6 Rc2 70. Kxd5 Kb4 71. Kd6 Kb5 72. d5 Kb6 73. Kd7 h5 74. Kd6 Rc5 75. Ke6 Kc7 76. Ke5 Ra5 77. Ke6 Rb5 78.
Ke5 Kd8 79. Kd6 Ra5 80. Ke6 Ra6 81. Kd6 Kc8 82. Kc5 Kc7 83. d6+ Kc8 84. Kd5 Ra1 85. Ke6 Re1+ 86. Kf6 Rd1 87. Ke7 Re1+ 88. Kf6 Rc1 89. Ke7 Re1+ 90. Kf7 Re2 91. Kf6 Kd8 92. Kf7 Rc2 0-1

[Event "*** Titled Tuesday Blitz"]
[Site "Chess.com"]
[Date "2020.05.05"]
[Round "8"]
[White "Akhayan"]
[Black "Ranindu2003"]
[Result "1-0"]
[WhiteElo "2328"]
[BlackElo "2471"]
[TimeControl "180+1"]
[EndTime "11:38:12 PDT"]
[Termination "Akhayan won by resignation"]

1. d4 Nf6 2. Nf3 e6 3. g3 d5 4.
Bg2 Be7 5. O-O O-O 6. c4 dxc4 7. Ne5 c5 8. dxc5 Qc7 9. Nxc4 Qxc5 10. Nba3 Rd8 11.
Qb3 Nc6 12. Be3 Qh5 13. Bf3 Ng4 14. Bxg4 Qxg4 15. f3 Qh5 16. Rfd1 Rf8 17. Qb5 e5 18. Bc5 Bxc5+ 19. Qxc5 Be6 20. Ne3 Rac8 21. Qb5 Qh6 22. Ng2 Nd4 23. Qxe5 Nc6 24. Qf4 Qg6 25. Qe4 Bf5 26.
Qf4 Be6 27. Qe4 Bf5 28. Qf4 Qf6 29. Nh4 Bg6 30. Qxf6 gxf6 31. Rac1 Rfe8 32. Kf2 Red8 33.
Rxd8+ Rxd8 34. Nc4 b5 35. Ne3 Nd4 36. b3 Kf8 37. g4 Ne6 38. Nhf5 h5 39. h3 hxg4 40.
hxg4 Nf4 41. Rd1 Rc8 42. Rd2 Ne6 43. Nh4 Rc1 44. Rd6 Ke7 45. Ra6 Nd4 46. Rxa7+ Kd6 47. Ra6+ Kc5 48. Ra8 Ra1 49. Rc8+ Kb4 50. Nd5+ Ka3 51.
Ra8+ Kb2 52. Ne3 Rc1 53. a4 b4 54. a5 Nxb3 55. a6 Ra1 56. a7 Nd4 57. Nhf5 Bxf5 58.
gxf5 b3 59. Nc4+ Kc3 60. Rc8 Rxa7 61. Na5+ Kb2 62. Nc4+ Kb1 63. Rd8 Nc2 64. e4 b2 65.
Rb8 Rc7 66. Nxb2 Kc1 67. Nd3+ Kd2 68. Nf4 Nd4 69. Rd8 Kc3 70. Rd5 Ra7 71. Rd8 Ra2+ 72.
Kg3 Nc2 73. Nd5+ Kd4 74. Nf4+ Ke3 75. Nd5+ Ke2 76. Nc3+ Ke3 77. Nxa2 Ne1 78. Nc1 Nxf3 79. Rd3+ Kxe4 80. Rxf3 Ke5 81. Rf4 Kd5 82. Kg4 Ke5 83. Rf3 Kd5 84. Re3 Kd6 85. Re8 Kd5 86. Rf8 Kd6 87.
Rxf7 Ke5 88. Rg7 Kd5 89. Rg6 Ke5 90. Rh6 Kd5 91. Rxf6 Ke5 92. Re6+ 1-0

[Event "*** Titled Tuesday Blitz"]
[Site "Chess.com"]
[Date "2020.05.05"]
[Round "8"]
[White "Zkid"]
[Black "LiemLe"]
[Result "1-0"]
[WhiteElo "2841"]
[BlackElo "2961"]
[TimeControl "180+1"]
[EndTime "11:38:22 PDT"]
[Termination "Zkid won by resignation"]

1. c4 e5 2. g3 Nf6 3. Bg2 d5 4. cxd5 Nxd5 5. Nc3 Nb6 6. Nf3 Nc6 7. Rb1 a5 8. O-O Be7 9. d3 O-O 10. Be3 Be6 11. a3 Nd5 12. Nxd5 Bxd5 13. Qa4 Re8 14. Rbc1 Bf6 15. Nd2 Nd4 16. Bxd4 Bxg2 17. Kxg2 exd4 18. Ne4 c6 19. Qb3 Rb8 20. Rc5 g6 21. Qa4 Be7 22. Re5 b5 23. Qc2 f5 24. Nd2 Bd6 25.
Rxe8+ Qxe8 26. Nf3 c5 27. a4 bxa4 28. Ra1 Rb4 29.
Ra2 Kg7 30. Kf1 Qb5 31. Nd2 Qc6 32. Kg1 h5 33. Nc4 Bc7 34. Qd2 Qf6 35. Ra1 h4 36.
Qc2 f4 37. gxh4 f3 38. e4 dxe3 39. fxe3 Qxh4 40. Qf2 Qg4+ 41. Kh1 Rb3 42. Rg1 Qh5 43. e4 Rxd3 44. e5 Bxe5 45. Nxe5 Qxe5 46. Qh4 Rd6 47. Qf2 Qd5 48. h3 Rf6 49. Rc1 c4 50. Re1 Rf5 51.
Re7+ Rf7 52. Re3 Qf5 53. Kh2 Qf4+ 54. Kh1 Qxe3 55. Qxe3 f2 56. Qd4+ Kh7 57. Qh4+ Kg8 58. Qd8+ Rf8 59. Qd5+ Kh7 60. Qd7+ Kh6 61. Qd2+ Kh7 62.
Qd7+ Kh8 63. Qd4+ Kh7 64. Qh4+ Kg8 65. Qxc4+ Rf7 66. Qf1 Kg7 67. Kg2 Kh7 68. Kg3 Rf5 69.
h4 Kg7 70. Kg4 Kh6 71. h5 Rg5+ 72. Kh4 Rxh5+ 73. Kg3 Rf5 74. Kg2 Kg7 75. Kg3 g5 76.
Kg4 Kg6 77. Qa6+ Rf6 78. Qd3+ Kh6 79. Qh3+ Kg7 80. Qf1 Kg6 81. Kg3 Rf4 82. Kg2 Kh5 83. Qe2+ Kg6 84. Kf1 g4 85. Qe6+ Kg5 86. Qe5+ Rf5 87.
Qg7+ Kh5 88. Qh7+ Kg5 89. Qg7+ Kh5 90. Qh7+ Kg5 91. Qh2 Rf3 92. Qe5+ Rf5 93. Qe3+ Kh5 94. Qd3 Kg5 95. Qe3+ Kh5 96. Qd2 g3 97. Qe2+ Kg5 98. Qe3+ Kg4 99. Qe4+ Rf4 100. Qg6+ Kh4 101. Qh6+ Kg4 102. Qg6+ Kf3 103. Qh5+ Ke3 104. Qe2+ Kd4 105. Qd2+ Ke4 106. Qe2+ Kd4 107. Qd2+ Ke4 108. Qc2+ Ke5 109. Qc3+ Ke4 110. Qxg3 Rf5 111. Qg4+ Rf4 112. Qe2+ Kf5 113. Qb5+ Kg4 114. Qxa5 Kh4 115. Qd2 Kg4 116. Qe3 Kh4 117. Qxf4+ Kh5 118. Qxa4 1-0

[Event "*** Titled Tuesday Blitz"]
[Site "Chess.com"]
[Date "2020.05.05"]
[Round "8"]
[White "Durarbayli"]
[Black "Bulldog167"]
[Result "0-1"]
[WhiteElo "2821"]
[BlackElo "2936"]
[TimeControl "180+1"]
[EndTime "11:38:28 PDT"]
[Termination "Bulldog167 won by resignation"]

1. e4 e6 2. d4 d5 3. Nd2 c5 4.
Ngf3 cxd4 5. Nxd4 Nf6 6. exd5 Nxd5 7. Bb5+ Bd7 8. a4 Be7 9. O-O O-O 10. N2f3 a6 11.
Bd3 Nc6 12. c3 Nxd4 13. Nxd4 Bf6 14. Be4 Rc8 15. Qd3 g6 16. Bh6 Re8 17. Rfe1 Bc6 18. Nxc6 Rxc6 19. Bxd5 exd5 20. Qxd5 g5 21. Rxe8+ Qxe8 22. Bxg5 Re6 23. h4 Re1+ 24. Rxe1 Qxe1+ 25. Kh2 Be5+ 26. Kh3 h5 27. g3 Qxf2 28. Qg2 Qf5+ 29. Kh2 f6 30. Be3 Qg4 31. Bf4 Kh8 32. Bxe5 fxe5 33. Qxb7 e4 34. Qb8+ Kh7 35. Qc7+ Kh8 36. Qd8+ Kh7 37. Qe7+ Kh8 38. Qf8+ Kh7 39. Qf7+ Kh8 40.
Qf6+ Kh7 41. Qe7+ Kh8 42. Qd6 Qe2+ 43. Kh3 Qf1+ 44. Kh2 Qf2+ 45. Kh3 Qf1+ 46. Kh2 Qf2+ 47. Kh3 e3 48. Qd8+ Kg7 49. Qe7+ Kg8 50. Qe8+ Kg7 51. Qe7+ Kg6 52. Qe6+ Kg7 53. Qe5+ Kg8 54. Qe6+ Kg7 55. Qe5+ Kg8 56. Qd5+ Kf8 57. Qc5+ Ke8 58. Qxh5+ Kd8 59. Qd5+ Kc8 60. Qc6+ Kd8 61. Qd6+ Kc8 62. Qxa6+ Kd8 63. Qd6+ Kc8 64. Qc6+ Kd8 65. Qb6+ Kc8 66. Qc6+ Kd8 67. Qg2 Qd2 68. Qa8+ Kc7 69. Qa7+ Kc6 70. Qa6+ Kd5 71. Qb7+ Ke5 72. Qe7+ Kd5 73. Qf7+ Ke4 74. Qg6+ Kf3 75. Qg4+ Kf2 76. Qf4+ Kg1 77. Qf3 Qh2+ 78. Kg4 Qf2 79. h5 e2 80. Qxf2+ Kxf2 81. h6 e1=Q 82. Kg5 Qe5+ 83.
Kg6 Qxg3+ 84. Kf5 Qc7 85. Ke6 Qc6+ 86. Ke5 Qxh6 87. b3 Qa6 88. Kd5 Ke3 89. c4 Kd3 90. c5 Qb7+ 91. c6 Qxb3+ 92. Kc5 Qb8 93. a5 Ke4 94. a6 Ke5 0-1

[Event "*** Titled Tuesday Blitz"]
[Site "Chess.com"]
[Date "2020.05.05"]
[Round "8"]
[White "VALPARAISO37"]
[Black "tteshan"]
[Result "1-0"]
[WhiteElo "2394"]
[BlackElo "2215"]
[TimeControl "180+1"]
[EndTime "11:38:42 PDT"]
[Termination "VALPARAISO37 won by resignation"]

1. d4 Nf6 2. c4 e6 3. Nc3 Bb4 4. a3 Bxc3+ 5. bxc3 b6 6. e3 Bb7 7. f3 O-O 8. Bd3 d6 9. Ne2 Nbd7 10. e4 e5 11. Ng3 Re8 12. O-O Nf8 13. a4 a5 14.
Be3 Qd7 15. h3 Ne6 16. d5 Nc5 17. Bg5 Qd8 18. Nh5 Ncd7 19. f4 h6 20. Bh4 exf4 21. Nxf6+ Nxf6 22. Rxf4 g5 23. Rxf6 Qxf6 24. Be1 Re7 25.
Bd2 Rae8 26. Qh5 Bc8 27. Rf1 Qg6 28. Qe2 Re5 29. Be3 g4 30. hxg4 Bxg4 31. Qf2 h5 32. Bd4 Rg5 33. Be3 Rge5 34. Bf4 R5e7 35. Qg3 h4 36. Qxh4 Rxe4 37. Qg3 Bf5 38. Bxe4 Bxe4 39. Qh2 Qg4 40. Qg3 Qxg3 41. Bxg3 Bd3 42. Rf4 Re2 43.
Bh4 Rc2 44. Bf6 Bg6 45. Rh4 Bh7 46. Rg4+ Kf8 47. Rg3 Rc1+ 48. Kh2 Rc2 49. Re3 Bg6 50. Be7+ Kg8 51. Bd8 Ra2 52. Bxc7 Rxa4 53. Bxb6 Rxc4 54.
Bxa5 Bf5 55. Bb4 Rc7 56. Bxd6 Rd7 57. Be7 Rxd5 58. c4 Rd7 59. c5 Be6 60. Bf6 Kf8 61. Ra3 Kg8 62. Rg3+ Kh7 63. Be5 Rd8 64. Bd6 f6 65. Rf3 Kg6 66. Re3 Bf5 67. Re7 Rc8 68. Rc7 Rh8+ 69. Kg1 Re8 70. c6 Re1+ 71. Kf2 Re8 72.
Re7 Rxe7 73. Bxe7 Kf7 74. Bd6 Bc8 75. Bg3 Ke6 76. c7 f5 77. Bf4 Kf6 78. Ke3 Kg6 79.
Kd4 Kf7 80. Ke5 Ke7 81. Kd5 Kd7 82. g3 Ke7 83. Kc5 Kd7 84. Kb6 Ke8 85. Kc6 Bd7+ 86. Kd6 Bc8 87. Ke5 Ke7 88. Bg5+ Kd7 89. Bd8 Ke8 90. Kf6 Kd7 91. Kxf5 Ke8+ 92. Kf6 Kd7 93. g4 Ke8 94. g5 Kf8 95. g6 Kg8 96. Ke7 Bf5 97. Kf6 Bc8 98. Be7 Bd7 99. Bb4 Bc8 100.
Bd2 Bd7 101. Bh6 Bc8 102. Ke7 Bf5 103. Kd8 Kh8 104. c8=Q Bxc8 105. Kxc8 Kg8 106. Kd7 Kh8 107. Ke6 Kg8 108. Kf5 Kh8 109. Bg5 Kg8 110. Bf6 Kf8 111. Kg5 Kg8 112. Kh6 Kf8 113. Kh7 Ke8 114. g7 Kd7 115. g8=Q 1-0

[Event "*** Titled Tuesday Blitz"]
[Site "Chess.com"]
[Date "2020.05.05"]
[Round "8"]
[White "wonderfultime"]
[Black "Igor_Lysyj"]
[Result "1/2-1/2"]
[WhiteElo "2920"]
[BlackElo "2784"]
[TimeControl "180+1"]
[EndTime "11:38:58 PDT"]
[Termination "Game drawn by repetition"]

1. d4 Nf6 2. Nf3 d5 3. Bf4 c5 4. c3 Nc6 5. e3 Qb6 6. Qc2 g6 7. Nbd2 Bf5 8. dxc5 Qxc5 9. Qb3 Qb6 10. Nd4 Nxd4 11. exd4 Bd7 12. Be2 Bg7 13. O-O O-O 14.
Rfe1 Rfe8 15. Qxb6 axb6 16. Bc7 b5 17. a3 Bc6 18.
Be5 Nd7 19. Bxg7 Kxg7 20. Bd3 f6 21. Re6 Kf7 22. Rae1 Nf8 23. R6e3 e6 24. Nb3 Nd7 25. f4 Re7 26. g4 Rae8 27. g5 fxg5 28. fxg5 e5 29. Bf1 e4 30. Nd2 Kg7 31. R1e2 Nb6 32.
Rf2 Na4 33. Nb3 Rf8 34. Rxf8 Kxf8 35. Re2 Rf7 36. Bh3 Rf3 37. Bc8 Nb6 38. Bg4 Rf4 39. h3 Ke7 40. Nc5 Na4 41. Nd3 Rf8 42. Ne5 Kd6 43.
Kg2 Nb6 44. b3 Ra8 45. Ra2 Be8 46. Kf2 Ke7 47. Ke3 Nc8 48. Bxc8 Rxc8 49. Kd2 Bd7 50. Ra1 Rf8 51. Ke3 Kd6 52. c4 bxc4 53. bxc4 dxc4 54. Nxc4+ Kc7 55. Ne5 Bf5 56. d5 Ra8 57. a4 Ra5 58.
Kd4 e3 59. Nc4 Ra8 60. Nxe3 Bxh3 61. Rh1 Rxa4+ 62. Ke5 Rh4 63. Ng2 Rh5 64. Nf4 Rxg5+ 65. Kd4 Bd7 66. Rxh7 Kd6 67. Ne2 Rg4+ 68. Ke3 b5 69. Rg7 b4 70. Nd4 Bf5 71. Rg8 Kxd5 72. Rd8+ Kc4 73. Nf3 Kc3 74. Rb8 Re4+ 75. Kf2 b3 76. Rb7 Rb4 77. Rc7+ Kb2 78. Nd2 Bc2 79. Ke3 Kc1 80. Rh7 b2 81. Rh1+ Bd1 82. Rg1 b1=Q 83.
Nxb1 Rxb1 84. Rxg6 Rb3+ 85. Kd4 Kd2 86. Rg2+ Be2 87. Rh2 Rb4+ 88. Kc5 Rc4+ 89. Kd5 Ra4 90. Kc5 Ke3 91. Kd5 Bd3 92. Kc5 Ra5+ 93. Kb4 Rb5+ 94.
Kc3 Rc5+ 95. Kb4 Rc4+ 96. Kb3 Rc8 97. Kb4 Kd4 98. Rh4+ Be4 99. Kb5 Rb8+ 100. Ka4 Kd5 101. Ka5 Kc5 102. Ka4 Bd5 103. Ka3 Rb3+ 104. Ka4 Rb2 105. Ka5 Ra2+ 106. Ra4 Rb2 107. Rh4 Rb8 108. Rh6 Ra8+ 109. Ra6 Re8 110. Rh6 Re2 111. Rh4 Ra2+ 112. Ra4 Rb2 113. Rh4 1/2-1/2

[Event "*** Titled Tuesday Blitz"]
[Site "Chess.com"]
[Date "2020.05.05"]
[Round "8"]
[White "Guenplen"]
[Black "mrkvoz"]
[Result "1/2-1/2"]
[WhiteElo "2940"]
[BlackElo "2831"]
[TimeControl "180+1"]
[EndTime "11:40:25 PDT"]
[Termination "Game drawn by 50-move rule"]

1. d4 d6 2. Nf3 g6 3. Bf4 Bg7 4. e3 Nf6 5. h3 O-O 6. Be2 c5 7. c3 Nc6 8. dxc5 dxc5 9. Nbd2 b6 10. Qc2 Bb7 11. O-O Qd7 12. Rfd1 Rad8 13. Nc4 Qc8 14. a4 Rxd1+ 15. Rxd1 Rd8 16. Nce5 Nxe5 17. Bxe5 Ne8 18. Bg3 Nd6 19. Bxd6 Rxd6 20. Rxd6 exd6 21. Nd2 d5 22. Bf3 d4 23. Bxb7 Qxb7 24. exd4 cxd4 25. cxd4 Bxd4 26.
Nf3 Bf6 27. b4 Qd5 28. b5 Kg7 29. Qe2 h5 30. h4 Qb3 31. Qe4 Qd1+ 32. Kh2 Qf1 33. Kg3 Qd1 34. Kh2 Qf1 35. Qc2 Qa1 36. g3 Qc3 37. Qe4 Qa3 38. Kg2 Qa1 39. Ne1 Qd4 40.
Qxd4 Bxd4 41. Nf3 Bc3 42. Ng5 Kf8 43. Kf3 Ke7 44. Ke2 f6 45. Ne4 Bb4 46. f3 Ke6 47. g4 hxg4 48. fxg4 f5 49. Ng5+ Kf6 50. Kf3 Bd6 51. Nh3 fxg4+ 52. Kxg4 Be7 53. Nf4 Bd8 54. Nd5+ Ke5 55. Nb4 Kd6 56. Nc6 Bf6 57. Nxa7 Kc5 58.
Nc6 Kc4 59. h5 gxh5+ 60. Kxh5 Bc3 61. Kg6 Bd2 62. Kf5 Be1 63. Kf4 Bf2 64. Kf3 Bg1 65. Ke4 Kb3 66. Kd5 Kxa4 67. Na7 Ka5 68. Kc6 Bf2 69.
Nc8 Bg1 70. Nd6 Kb4 71. Nb7 Bf2 72. Nd8 Bg1 73. Ne6 Bf2 74. Nf4 Bg1 75. Nd3+ Ka4 76. Ne5 Kb4 77. Nf3 Bf2 78. Ng5 Bg1 79. Ne4 Ka4 80. Nc3+ Kb4 81. Nd5+ Ka5 82. Nc7 Bf2 83. Na6 Bg1 84. Nb8 Bf2 85. Nd7 Bg1 86. Nf6 Kb4 87.
Nd5+ Ka4 88. Nxb6+ Ka5 89. Nd7 Bf2 90. Nc5 Bg3 91.
b6 Bf4 92. b7 Bg3 93. Nb3+ Ka6 94. Nd4 Ka7 95. Nf5 Bh2 96. Ne7 Bg3 97. Nc8+ Kb8 98. Nb6 Ka7 99. Nd7 Bh2 100. Nc5 Bg3 101. Ne6 Bh2 102.
Nc7 Kb8 103. Nb5 Bg3 104. Kb6 Bf2+ 105. Ka6 Bg3 106. Nd4 Kc7 107. Ka7 Kd7 108. Ka8 Be5 109. Nf3 Bf4 110. Nd2 Bg3 111. Ne4 Bh2 112. Nf6+ Kc6 113. Ng4 Bg3 114. Ne3 Kd7 115. Nf5 Bh2 116. Nd4 Bg3 117. Nb5 Bh2 118. Nc3 Kc6 119. Ne2 Kd7 120. Ka7 Kc6 121. Ka6 Kc7 122. Nc3 Kc6 123. Ne4 Bf4 124. Nf2 Bh2 125. Nd3 Bg3 126. Nb4+ Kc7 127. Nd5+ Kd7 128. Kb6 Bf2+ 129. Kb5 Bg3 130. Nf6+ Kc7 131. Ka6 Kc6 132. Ne4 Bh2 133. Nc3 Kd7 134. Nb5 Kc6 135. Na7+ Kd7 136. Nc8 Kc6 137. Nb6 Bg3 138. Na4 Kd7 139. Nb2 Bh2 140. Nd1 Bg3 141. Nc3 Bh2 142. Ne4 1/2-1/2

[Event "*** Titled Tuesday Blitz"]
[Site "Chess.com"]
[Date "2020.05.05"]
[Round "9"]
[White "Glidzhian_Gor"]
[Black "WastefulJustice"]
[Result "1-0"]
[WhiteElo "2500"]
[BlackElo "2361"]
[TimeControl "180+1"]
[EndTime "11:41:42 PDT"]
[Termination "Glidzhian_Gor won by resignation"]

1. e4 d6 2. d4 Nf6 3. Nc3 c5 4.
dxc5 dxc5 5. Qxd8+ Kxd8 6. Nf3 Nc6 7. Ng5 Ke8 8. Nb5 Nd4 9. Nc7+ Kd7 10. Nxa8 Nxc2+ 11.
Kd1 Nxa1 12. Bb5+ Kd6 13. Nxf7+ 1-0

[Event "*** Titled Tuesday Blitz"]
[Site "Chess.com"]
[Date "2020.05.05"]
[Round "9"]
[White "SharapovEvgeny"]
[Black "arminmusovic"]
[Result "1-0"]
[WhiteElo "2384"]
[BlackElo "2493"]
[TimeControl "180+1"]
[EndTime "11:42:35 PDT"]
[Termination "SharapovEvgeny won by resignation"]

1. e4 c6 2. d4 d5 3. Nc3 dxe4 4. Nxe4 Nf6 5. Nxf6+ exf6 6. Nf3 Bd6 7. Bd3 Bg4 8.
Qe2+ Kd7 9. Ne5+ fxe5 10. Qxg4+ Kc7 11. dxe5 Bxe5 12. O-O h5 13. Qf3 f6 14. Bf4 Bxf4 15.
Qxf4+ Qd6 16. Qxd6+ Kxd6 17. Rad1 Rd8 18. Ba6+ Ke5 1-0

[Event "*** Titled Tuesday Blitz"]
[Site "Chess.com"]
[Date "2020.05.05"]
[Round "9"]
[White "MaxLeto"]
[Black "bolence16"]
[Result "1-0"]
[WhiteElo "2334"]
[BlackElo "2161"]
[TimeControl "180+1"]
[EndTime "11:43:02 PDT"]
[Termination "MaxLeto won by resignation"]

1. g4 e5 2. d4 exd4 3. Bg2 d5 4.
g5 Nc6 5. Nf3 Bc5 6. Nbd2 Bg4 7.
Nb3 Bxf3 8. Bxf3 Bb6 9. Bf4 Qd7 10. h4 h6 11. Rg1 O-O-O 12. Bg4 1-0

[Event "*** Titled Tuesday Blitz"]
[Site "Chess.com"]
[Date "2020.05.05"]
[Round "9"]
[White "GiorgianBarbosa"]
[Black "dragos420"]
[Result "0-1"]
[WhiteElo "2361"]
[BlackElo "2504"]
[TimeControl "180+1"]
[EndTime "11:43:03 PDT"]
[Termination "dragos420 won by resignation"]

1. c4 e5 2. g3 Nf6 3. Bg2 c6 4. Nc3 d5 5. cxd5 cxd5 6. d4 exd4 7. Qxd4 Nc6 8. Qd1 Bb4 9. a3 Bxc3+ 10. bxc3 O-O 11. Nf3 Ne4 12. Bb2 Qb6 13. O-O Qxb2 14. Qxd5 Nxc3 0-1

[Event "*** Titled Tuesday Blitz"]
[Site "Chess.com"]
[Date "2020.05.05"]
[Round "9"]
[White "LuckSlayeer"]
[Black "AsaHoffmann"]
[Result "1-0"]
[WhiteElo "2514"]
[BlackElo "2368"]
[TimeControl "180+1"]
[EndTime "11:43:05 PDT"]
[Termination "LuckSlayeer won by resignation"]

1. e4 d6 2. d4 c6 3. Nc3 a6 4.
f4 d5 5. Nf3 Bg4 6. h3 Bxf3 7.
Qxf3 Nf6 8. e5 Nfd7 9. f5 Nb6 10. Bd3 Qc7 11. e6 f6 12. Bf4 Qd8 13. Qh5+ 1-0

[Event "*** Titled Tuesday Blitz"]
[Site "Chess.com"]
[Date "2020.05.05"]
[Round "9"]
[White "artooon"]
[Black "BillieKimbah"]
[Result "0-1"]
[WhiteElo "2650"]
[BlackElo "2867"]
[TimeControl "180+1"]
[EndTime "11:43:30 PDT"]
[Termination "BillieKimbah won by checkmate"]

1. e4 c5 2. Nf3 d6 3. d4 cxd4 4. Nxd4 Nf6 5. Nc3 a6 6. Bg5 e6 7. f4 Nbd7 8. Qe2 Qc7 9. O-O-O b5 10. e5 dxe5 11. Ndxb5 axb5 12. Nxb5 Qa5 13. fxe5 Nd5 14. Rxd5 exd5 15. Nd6+ Bxd6 16. exd6+ Ne5 17. Qxe5+ Be6 18. Qxg7 Qe1# 0-1

[Event "*** Titled Tuesday Blitz"]
[Site "Chess.com"]
[Date "2020.05.05"]
[Round "9"]
[White "Eloist"]
[Black "WiktoriaPOL"]
[Result "1-0"]
[WhiteElo "2237"]
[BlackElo "2029"]
[TimeControl "180+1"]
[EndTime "11:43:38 PDT"]
[Termination "Eloist won by resignation"]

1. e4 c5 2. Nf3 d6 3. Bb5+ Nd7 4. O-O g6 5. Re1 Bg7 6. c3 a6 7. Bf1 e5 8. d4 cxd4 9. cxd4 Ne7 10. Nc3 O-O 11.
Be3 b5 12. dxe5 dxe5 13. Qd6 f5 14.
Nd5 Nxd5 15. Qxd5+ Kh8 16. Qxa8 fxe4 17. Qxe4 1-0

[Event "*** Titled Tuesday Blitz"]
[Site "Chess.com"]
[Date "2020.05.05"]
[Round "9"]
[White "PaulfromSPb"]
[Black "Maybe00"]
[Result "0-1"]
[WhiteElo "2621"]
[BlackElo "2802"]
[TimeControl "180+1"]
[EndTime "11:43:44 PDT"]
[Termination "Maybe00 won by resignation"]

1. e4 e5 2. Nf3 Nc6 3. Bc4 Bc5 4.
d3 Nf6 5. O-O O-O 6. c3 d5 7. exd5 Nxd5 8. Nbd2 Nb6 9. Bb5 Bg4 10.
h3 Bh5 11. Ne4 Bd6 12. Ng3 Bxf3 13. Qxf3 Qd7 14. Nf5 f6 15. d4 exd4 16. Nxd4 Nxd4 17. Qxb7 Nxb5 0-1

[Event "*** Titled Tuesday Blitz"]
[Site "Chess.com"]
[Date "2020.05.05"]
[Round "9"]
[White "ama18"]
[Black "shav3184"]
[Result "1-0"]
[WhiteElo "2495"]
[BlackElo "2345"]
[TimeControl "180+1"]
[EndTime "11:43:49 PDT"]
[Termination "ama18 won by resignation"]

1. e4 e5 2. Nf3 Nc6 3. Bb5 a6 4. Ba4 Nf6 5. O-O b5 6. Bb3 Bc5 7. c3 d6 8. d4 Bb6 9. a4 Rb8 10. Na3 b4 11. Nc4 Ba7 12. dxe5 dxe5 13. Ncxe5 Nxe5 14. Qxd8+ Kxd8 15. Nxe5 Ke7 16. Nc6+ 1-0

[Event "*** Titled Tuesday Blitz"]
[Site "Chess.com"]
[Date "2020.05.05"]
[Round "9"]
[White "chesslh19"]
[Black "eightbyeightchess"]
[Result "0-1"]
[WhiteElo "2172"]
[BlackElo "2406"]
[TimeControl "180+1"]
[EndTime "11:43:55 PDT"]
[Termination "eightbyeightchess won by resignation"]

1. e4 e6 2. d4 d5 3. Nd2 Nf6 4. e5 Nfd7 5. Bd3 c5 6. c3 Nc6 7. Ne2 cxd4 8. cxd4 f6 9. exf6 Nxf6 10. Nf3 Qc7 11. Bf4 Bb4+ 12. Kf1 Bd6 13. Bxd6 Qxd6 14. g3 O-O 15. Kg2 e5 16. dxe5 Nxe5 17. Nxe5 Qxe5 18. Qd2 Bg4 19. h3 Bf3+ 20. Kxf3 Ne4+ 21. Qf4 g5 22.
Qxf8+ Rxf8+ 0-1

[Event "*** Titled Tuesday Blitz"]
[Site "Chess.com"]
[Date "2020.05.05"]
[Round "9"]
[White "Pittiplatsh"]
[Black "saraswathii"]
[Result "1-0"]
[WhiteElo "2530"]
[BlackElo "2335"]
[TimeControl "180+1"]
[EndTime "11:44:04 PDT"]
[Termination "Pittiplatsh won by resignation"]

1. e4 c5 2. Nf3 e6 3. d4 cxd4 4. Nxd4 Nf6 5. Nc3 Nc6 6. Nxc6 bxc6 7. e5 Nd5 8. Ne4 Qc7 9. f4 f5 10. exf6 Nxf6 11. Nxf6+ gxf6 12. Qh5+ Kd8 13. Bd2 d5 14. O-O-O Bd6 15. Qh4 Qg7 16. Bc3 Rf8 17. Bd3 h6 18.
Rhe1 Bd7 19. Kb1 c5 20. Ba5+ Ke7 21. Bf1 Rab8 22. Rxd5 Bc6 23. Rd2 e5 24. fxe5 Bxe5 25. Rxe5+ 1-0

[Event "*** Titled Tuesday Blitz"]
[Site "Chess.com"]
[Date "2020.05.05"]
[Round "9"]
[White "Angel_Hranitel_37"]
[Black "Happy1712Drummer"]
[Result "1-0"]
[WhiteElo "2389"]
[BlackElo "2496"]
[TimeControl "180+1"]
[EndTime "11:44:10 PDT"]
[Termination "Angel_Hranitel_37 won by resignation"]

1. d4 e6 2. Nf3 f5 3. g3 Nf6 4. Bg2 b6 5. O-O Bb7 6. c4 Be7 7. Nc3 O-O 8. Qc2 Qe8 9. Bf4 d6 10. Bd2 Bd8 11. d5 e5 12. Qxf5 Nxd5 13. Qe4 Nxc3 14. Qxb7 Nxe2+ 15. Kh1 Qc6 16. Ne1 e4 17. Bxe4 Qxc4 18. Bd5+ 1-0

[Event "*** Titled Tuesday Blitz"]
[Site "Chess.com"]
[Date "2020.05.05"]
[Round "9"]
[White "SketchyMoves"]
[Black "rpragchess"]
[Result "0-1"]
[WhiteElo "2627"]
[BlackElo "2836"]
[TimeControl "180+1"]
[EndTime "11:44:13 PDT"]
[Termination "rpragchess won by resignation"]

1. b3 e5 2. Bb2 Nc6 3. e3 Nf6 4.
Nf3 e4 5. Nd4 Nxd4 6. Bxd4 d5 7.
c4 dxc4 8. Bxc4 Bd6 9. Nc3 Bf5 10.
O-O Bxh2+ 11. Kxh2 Ng4+ 12. Kg3 Qd6+ 13. f4 Qg6 14.
Qe2 O-O-O 15. Rh1 Nxe3+ 16. Kh2 Ng4+ 17. Kg1 Rxd4 18. Nb5 Qb6 0-1

[Event "*** Titled Tuesday Blitz"]
[Site "Chess.com"]
[Date "2020.05.05"]
[Round "9"]
[White "Funkmaus"]
[Black "Frogo47"]
[Result "0-1"]
[WhiteElo "2210"]
[BlackElo "2397"]
[TimeControl "180+1"]
[EndTime "11:44:15 PDT"]
[Termination "Frogo47 won by resignation"]

1. d4 Nf6 2. Nf3 g6 3. g3 Bg7 4. Bg2 O-O 5. O-O c5 6. c3 d6 7.
Nbd2 Nc6 8. a4 Bd7 9. Nc4 cxd4 10.
cxd4 Rc8 11. b3 Na5 12. Qd3 Bf5 13. Qc3 b6 14. Qb4 Nd5 15. Qb5 Nc3 16. Qa6 Nxb3 17. Be3 Nxa1 18. Rxa1 Nxe2+ 19. Kh1 Bd3 0-1

[Event "*** Titled Tuesday Blitz"]
[Site "Chess.com"]
[Date "2020.05.05"]
[Round "9"]
[White "ArnaudovP"]
[Black "Spartakus1975"]
[Result "0-1"]
[WhiteElo "2607"]
[BlackElo "2749"]
[TimeControl "180+1"]
[EndTime "11:44:18 PDT"]
[Termination "Spartakus1975 won by resignation"]

1. Nf3 d5 2. d4 Nf6 3. c4 c6 4. Nc3 a6 5. Qc2 g6 6. e4 dxe4 7. Nxe4 Nbd7 8. Be2 Bg7 9. O-O O-O 10. h3 Re8 11. Rd1 Qc7 12. b3 Nxe4 13. Qxe4 e5 14. Bb2 f5 15. Qc2 e4 16. Ng5 h6 17. d5 hxg5 18. Bxg7 Kxg7 19. d6 Qa5 20. a3 Qe5 21. b4 Nf6 22. c5 Be6 23. Bc4 Nd5 24. Bxd5 Bxd5 0-1

[Event "*** Titled Tuesday Blitz"]
[Site "Chess.com"]
[Date "2020.05.05"]
[Round "9"]
[White "Mesa_1"]
[Black "ntmh281"]
[Result "1-0"]
[WhiteElo "2462"]
[BlackElo "2292"]
[TimeControl "180+1"]
[EndTime "11:44:19 PDT"]
[Termination "Mesa_1 won by checkmate"]

1. Nf3 d5 2. c4 c6 3. d4 Nf6 4. g3 Bf5 5. Nc3 e6 6. Nh4 Bg4 7. h3 Bh5 8. g4 Ne4 9. Qb3 Qxh4 10. Nxe4 dxe4 11. Qxb7 Bxg4 12. Rg1 Bf5 13. Bg5 Qh5 14. Qc8# 1-0

[Event "*** Titled Tuesday Blitz"]
[Site "Chess.com"]
[Date "2020.05.05"]
[Round "9"]
[White "InitiatingASC"]
[Black "Shivagami"]
[Result "0-1"]
[WhiteElo "2302"]
[BlackElo "2173"]
[TimeControl "180+1"]
[EndTime "11:44:24 PDT"]
[Termination "Shivagami won by resignation"]

1. d4 Nf6 2. Nf3 d5 3. Bf4 c5 4. e3 Nc6 5. Nbd2 Bf5 6. c3 Qb6 7. Qb3 c4 8. Qxb6 axb6 9. a3 b5 10. Rc1 e6 11. h3 h6 12. Be2 Nd7 13. Bd1 Nb6 14. Bc2 Bxc2 15. Rxc2 b4 16. cxb4 Nxb4 17.
axb4 Ra1+ 18. Ke2 Rxh1 19. Nf1 Bxb4 20. Ne5 O-O 21. f3 Ra8 22. Rc1 Ra2 23. Rb1 Bc3 0-1